cohdb
Replays
Latest Replays
All Replays
Popular Replays
Top Player Replays
Match Explorer
How It Works
Community
CoH3 Stats
Reddit
Sign in to upload your games and track your stats! →
Sign in with Steam
Match 39793124
Unlisted
Match 39793124
Overview
Messages
Build Orders
End
Kradschützen Motorcycle Team
Panzergrenadier Squad
Panzerpioneer Squad
Construct Light Support Kompanie
Fire Support Elements
Veteran Squad Leaders
Flakvierling Half-track
2.5-tonne Medical Truck
Vehicle Survival Package
Panzerjäger Squad
Forward Retreat Point
Selects Panzerjäger Kommand Battlegroup
Selects Tank Busters
Selects Crew Shock Tactics
Selects Mine Fields
Construct Panzerarmee Kommand
Panzergrenadier Squad
Armored Reserves
Panzerjäger Squad
Selects Defensive Positions
Walking Stuka Rocket Launcher
2.5-tonne Medical Truck
Selects Butterfly Bomb Drop
Butterfly Bomb Drop
Panzer III L Medium Tank
Panzer III L Medium Tank
Butterfly Bomb Drop
Emergency Repair Kits
Panzer III L Medium Tank
Panzer III L Medium Tank
Selects Anti-tank Overwatch
Panzer III L Medium Tank
Walking Stuka Rocket Launcher
Anti-tank Overwatch
Panzerjäger Squad
Panzerjäger Squad
Panzerjäger Squad
Tiger Heavy Tank
Rapid Advance
Advanced Optics
Walking Stuka Rocket Launcher
Anti-tank Overwatch
月下秋璇
★ BLACK HAWK ★
house455
Frenchy
TidaL
Kys-tier rat
koba (Monkey man)
花间酌酒
0
0
Comments
sign in to comment!
No comments posted yet!